 Dungeon Crawl Stone Soup version 0.27.1-33-g824d729ab1 (webtiles) character file.

Game seed: 9023014276166025044

1138 hamarrboo the Chucker (level 8, 0/60 HPs)
             Began as a Human Berserker on Dec 4, 2021.
             Was a Priest of Trog.
             Slain by a scorpion (1 damage)
             ... on level 6 of the Dungeon.
             The game lasted 00:33:01 (5644 turns).

hamarrboo the Chucker (Human Berserker)             Turns: 5644, Time: 00:33:01

Health: 0/60       AC: 12    Str: 19    XL:     8   Next: 63%
Magic:  8/8        EV:  8    Int:  8    God:    Trog [***...]
Gold:   279        SH:  0    Dex: 13    Spells: 7/7 levels left

rFire    . . .     SeeInvis .   u - +4 quarterstaff of Orecoyma {vorpal, rF+}
rCold    + . .     Faith    .   (shield currently unavailable)
rNeg     . . .     Spirit   .   l - +0 chain mail
rPois    .         Reflect  .   (no helmet)
rElec    .         Harm     .   j - +0 cloak
rCorr    .         Rampage  .   b - +1 pair of gloves
Will     ++...                  (no boots)
Stlth    ..........             (no amulet)
HPRegen  1.20/turn              r - ring of ice
MPRegen  0.11/turn              (no ring)

@: lethally poisoned (0 -> -1), strong-willed, on berserk cooldown,
regenerating, slowed, very slow
A: no striking features
a: Renounce Religion, Berserk, Trog's Hand


You were on level 6 of the Dungeon.
You worshipped Trog.
Trog was most pleased with you.
You visited 1 branch of the dungeon, and saw 7 of its levels.

You collected 279 gold pieces.

Inventory:

Hand Weapons
 a - a +0 hand axe
 p - a +2 dagger of freezing
 u - the +4 quarterstaff of Orecoyma (weapon) {vorpal, rF+}
   (You found it on level 4 of the Dungeon)

   It inflicts extra damage upon your enemies.
   rF:        It protects you from fire.
Missiles
 m - 3 boomerangs (quivered)
 o - 15 poisoned darts
Armour
 b - a +1 pair of gloves (worn)
 j - a +0 cloak (worn)
 l - a +0 chain mail (worn)
Jewellery
 r - a ring of ice (left hand)
Wands
 t - a wand of flame (19)
Scrolls
 d - 6 scrolls of identify {unknown}
 f - 2 scrolls of amnesia {unknown}
 g - 4 scrolls of enchant weapon {unknown}
 q - a scroll of fog {unknown}
 s - a scroll of magic mapping {unknown}
 w - a scroll of acquirement {unknown}
 x - a scroll of fear {unknown}
Potions
 c - 6 potions of curing {unknown}
 e - 2 potions of cancellation {unknown}
 h - 4 potions of haste {unknown}
 i - a potion of flight {unknown}
 k - a potion of invisibility {unknown}
 n - 2 potions of ambrosia {unknown}
 v - a potion of heal wounds {unknown}


   Skills:
 + Level 4.0 Fighting
 - Level 2.0 Short Blades
 - Level 4.0 Axes
 * Level 4.4 Staves
 + Level 5.7 Throwing
 + Level 3.9 Armour
 + Level 2.4 Dodging
 + Level 0.8 Stealth


You had 7 spell levels left.
You didn't know any spells.
Your spell library was empty.

Dungeon Overview and Level Annotations

Branches:
Dungeon (7/15)
 Temple: D:4-7

Altars:
Cheibriados
Hepliaklqana
Sif Muna
Uskayaw
Vehumet
Wu Jian
The Shining One

Shops:
D:4 :

Annotations:
D:3 1 runed translucent door, exclusions: door, gnoll and player ghost, zeram's ghost, amateur MfFi
D:4 3 runed translucent doors, exclusion: 3 doors, belegose's ghost, amateur OgAM
D:5 2 runed translucent doors, exclusion: 2 doors, worthlessgem's ghost, novice FoEE
D:6 1 runed translucent door


Message History

You sock the giant cockroach!
You kill the giant cockroach!
Trog accepts your kill.
You are no longer berserk.
You are exhausted.
You feel yourself slow down.
You feel sick.
You hit the scorpion but do no damage.
The scorpion is severely wounded.
You feel very sick. The scorpion barely misses you.
The scorpion stings you but does no damage.
The scorpion closely misses you.
You closely miss the scorpion.
The scorpion is severely wounded.
You feel sick.
The scorpion stings you but does no damage.
The scorpion stings you.
* * * LOW HITPOINT WARNING * * *
You are lethally poisoned!
The scorpion poisons you!
The scorpion stings you but does no damage.
The scorpion stings you.
* * * LOW HITPOINT WARNING * * *
Your skin crawls.
You feel strong-willed.
You feel very sick.
The scorpion stings you but does no damage.
The scorpion stings you.
* * * LOW HITPOINT WARNING * * *
The scorpion barely misses you.
The scorpion stings you but does no damage.
You hit the scorpion.
The scorpion is almost dead.
You feel very sick. The scorpion closely misses you.
The scorpion stings you but does no damage.
The scorpion stings you.
* * * LOW HITPOINT WARNING * * *
The scorpion stings you.
You die...

..........#..# ...≈.
#+######.#......
###.≈.
#................
...§.
######'########.#.#.
.#.≈.
...............#.#.#
.. ...............#
# ≈≈
....#######....# ...
#...b.#†...# ..
+..|..s@...# .
#.....#s...#
#######....# .....#
.....# #######


You could see 2 scorpions.

Vanquished Creatures
  2 ogres
  A necrophage (D:5)
  A phantom (D:5)
  5 scorpions
  A water moccasin zombie (D:5)
  A water moccasin skeleton (D:4)
  A howler monkey (D:5)
  A jelly (D:4)
  An orc priest (D:5)
  5 iguanas
  2 orc wizards (D:5)
  A hound zombie (D:5)
  A howler monkey skeleton (D:6)
  An adder (D:4)
  A shadow imp (D:5)
  A white imp (D:6)
  2 worms (D:2)
  2 dart slugs (D:2)
  14 orcs
  5 endoplasms
  11 giant cockroaches
  5 hobgoblins
  6 kobolds
  3 quokkas
  5 ball pythons
  4 bats
  2 frilled lizards (D:1)
  3 goblins
  2 goblin skeletons (D:5)
  A goblin zombie (D:5)
  2 hobgoblin zombies (D:5)
  2 kobold skeletons (D:5)
  An orc zombie (D:5)
  6 rats
102 creatures vanquished.

Vanquished Creatures (others)
  A dart slug (D:2)
  A giant cockroach (D:2)
  A bat (D:2)
  3 demonic plants (D:1)
  A fungus (D:1)
  A plant (D:1)
8 creatures vanquished.

Grand Total: 110 creatures vanquished

Notes
Turn   | Place    | Note
-------+----------+-------------------------------------------
     0 | D:1      | hamarrboo the Human Berserker began the quest for the Orb.
     0 | D:1      | Reached XP level 1. HP: 18/18 MP: 1/1
   160 | D:1      | Reached XP level 2. HP: 20/24 MP: 2/2
   781 | D:1      | Found a faded altar of an unknown god.
   910 | D:1      | Reached XP level 3. HP: 29/29 MP: 3/3
  1704 | D:2      | Reached ** piety under Trog
  2094 | D:2      | Reached XP level 4. HP: 35/35 MP: 4/4
  2368 | D:3      | Found a runed translucent door.
  2368 | D:3      | Noticed zeram's ghost (amateur MfFi)
  2397 | D:3      | Found a radiant altar of Vehumet.
  2643 | D:3      | Found a hazy altar of Hepliaklqana.
  2885 | D:5      | Entered Level 5 of the Dungeon
  3398 | D:4      | Found Wile Paq's Book Shoppe.
  3426 | D:4      | Reached skill level 1 in Throwing
  3426 | D:4      | Reached XP level 5. HP: 41/41 MP: 5/5
  3474 | D:4      | Reached skill level 1 in Short Blades
  3474 | D:4      | Noticed an ogre
  3493 | D:4      | Killed an ogre
  3494 | D:4      | Reached skill level 2 in Throwing
  3494 | D:4      | Reached XP level 6. HP: 35/47 MP: 6/6
  3593 | D:4      | Noticed belegose's ghost (amateur OgAM)
  3600 | D:4      | Found a runed translucent gate.
  3600 | D:4      | Found a runed translucent gate.
  3600 | D:4      | Found a runed translucent gate.
  3669 | D:4      | Reached skill level 3 in Throwing
  3837 | D:4      | Identified the +4 quarterstaff of Orecoyma {vorpal, rF+}
  4071 | D:5      | Noticed an ogre
  4080 | D:5      | Killed an ogre
  4184 | D:5      | Reached skill level 1 in Staves
  4184 | D:5      | Reached XP level 7. HP: 39/53 MP: 7/7
  4317 | D:5      | Reached skill level 4 in Throwing
  4728 | D:5      | Found a runed translucent door.
  4731 | D:5      | Noticed worthlessgem's ghost (novice FoEE)
  4795 | D:5      | Found a glowing golden altar of the Shining One.
  4818 | D:5      | Reached *** piety under Trog
  4823 | D:5      | Reached XP level 8. HP: 60/60 MP: 8/8
  4876 | D:5      | Reached skill level 5 in Throwing
  4939 | D:6      | Found a snail-covered altar of Cheibriados.
  4993 | D:5      | Found an ornate altar of the Wu Jian Council.
  5038 | D:5      | Found a shimmering blue altar of Sif Muna.
  5162 | D:5      | Found a hide-covered altar of Uskayaw.
  5176 | D:5      | Found a runed translucent door.
  5612 | D:6      | Found a runed translucent door.
  5614 | D:6      | Found a runed translucent door.
  5644 | D:6      | HP: 1/60 [scorpion (4)]
  5644 | D:6      | Slain by a scorpion

Illustrated notes

Levels and vault maps discovered:
D:1:      saegor_arrival_simple_c, layout_basic, shapermc_ecumenical_altar_gd,
          amcnicky_mini_corridor_feature, minmay_indecisive_spiral
D:2:      layout_basic, lemuel_another_geyser
D:3:      layout_basic, mainiacjoe_overflow_small_starburst, vehumet_crystals,
          ebering_ghost_inner_flame
D:4:      layout_rooms, serial_shops, nicolae_shop_window_shopping,
          gammafunk_ghost_split, kennysheep_path_1
D:5:      layout_gridville, nicolae_tso_besieged_by_evil,
          nicolae_uskayaw_suspiria, led_sif_pool, nicolae_wu_jian_glorious_leap,
          ebering_ghost_sewer_f
D:6:      lemuel_insect_pit, layout_basic, mainiacjoe_overflow_cross_hatched,
          minmay_temple_entry_statues_fountains, hangedman_decor_opposing,
          hangedman_decor_growths, due_unseen_surprise, uniq_eustachio,
          uniq_sigmund
D:7:      layout_loops_cross, ashenzari_conservatory_becter,
          ebering_ghost_reflecting_pool, kennysheep_boxes,
          uniq_crazy_yiuf_cottage

Skill      XL: |  1  2  3  4  5  6  7  8 |
---------------+-------------------------+-----
Axes           | 4 |  4.0
Throwing       | 1 2 3 4 5 |  5.7
Short Blades   | 1 2 |  2.0
Armour         | 3 |  3.9
Staves         | 1 2 4 |  4.4
Fighting       | 4 |  4.0
Dodging        | |  2.4
Stealth        | |  0.8

Action                   |  1- 3 |  4- 6 |  7- 9 || total
-------------------------+-------+-------+-------++-------
Melee: Hand axe          |   124 |    50 |       ||   174
       Dagger            |       |    13 |       ||    13
       Quarterstaff      |       |     7 |    82 ||    89
Throw: Boomerang         |    13 |    53 |    50 ||   116
Invok: Berserk           |     2 |     3 |     3 ||     8
       Trog's Hand       |       |       |     1 ||     1
Armor: Animal skin       |     1 |       |       ||     1
       Ring mail         |    44 |       |       ||    44
       Chain mail        |     3 |    31 |    70 ||   104
Dodge: Dodged            |    64 |    24 |    22 ||   110
